 Dungeon Crawl Stone Soup version 0.28-a0-779-g3d1f99b579 (webtiles) character file.

Game seed: 1537094611500755742

49 gimp the Slasher (level 3, 0/43 HPs)
             Began as a Demonspawn Cinder Acolyte on Nov 3, 2021.
             Was a High Priest of Ignis.
             Succumbed to an adder's poison
             ... on level 2 of the Dungeon.
             The game lasted 00:03:03 (3485 turns).

gimp the Slasher (Demonspawn Cinder Acolyte)        Turns: 3485, Time: 00:03:03

Health: 0/43       AC:  3    Str: 14    XL:     3   Next: 51%
Magic:  4/4        EV: 10    Int: 16    God:    Ignis [*****.]
Gold:   57         SH:  3    Dex:  8    Spells: 2/4 levels left

rFire   + . .      SeeInvis .   a - -1 falchion (flame)
rCold   . . .      Faith    .   d - +0 buckler
rNeg    . . .      Spirit   .   g - +0 leather armour
rPois   .          Reflect  .   (no helmet)
rElec   .          Harm     .   (no cloak)
rCorr   .          Rampage  .   (no gloves)
Will    .....                   (no boots)
Stlth   ..........              (no amulet)
HPRegen 0.14/turn               (no ring)
MPRegen 0.09/turn               (no ring)

@: berserking, lethally poisoned (0 -> -7), very quick
A: hooves 1
a: Renounce Religion, Sea of Fire, Foxfire Swarm, Rising Flame


You were on level 2 of the Dungeon.
You worshipped Ignis.
Ignis was extremely pleased with you.
You visited 1 branch of the dungeon, and saw 3 of its levels.

You collected 57 gold pieces.

Inventory:

Hand Weapons
 a - a -1 falchion of flaming (weapon)
Armour
 d - a +0 buckler (worn)
 g - a +0 leather armour (worn)
Wands
 f - a wand of polymorph (10)
Scrolls
 b - a scroll of enchant weapon {unknown}
 c - a scroll of blinking {unknown}
 e - a scroll of teleportation {unknown}


   Skills:
 + Level 3.5 Fighting
 * Level 3.6 Long Blades
 + Level 0.8 Shields
 - Level 1.0 Spellcasting
 - Level 2.6 Fire Magic


You had 2 spell levels left.
You knew the following spells:

 Your Spells              Type           Power      Damage    Failure   Level
a - Scorch                Fire           18%        2d6       22%         2

Your spell library contained the following spells:

 Spells                   Type           Power      Damage    Failure   Level


Dungeon Overview and Level Annotations

Branches:
Dungeon (3/15)

Altars:

Annotations:
D:3 Grinder, Pargi


Innate Abilities, Weirdness & Mutations

You have large cloven feet.


Message History

The adder bites you. The frilled lizard barely misses you.
The adder closely misses you.
You take 3 damage, and have 20/29 hp.
You hit the adder. You burn the adder. Your kick misses the adder.
The adder is heavily wounded.
The frilled lizard bites you but does no damage.
The adder bites you.
You take 4 damage, and have 16/29 hp.
You closely miss the adder. Your kick misses the adder.
The adder is heavily wounded.
The adder misses you. The frilled lizard bites you.
You block the adder's attack. The frilled lizard barely misses you.
You take 1 damage, and have 15/29 hp.
You closely miss the adder.
The adder is heavily wounded.
The adder bites you.
You are poisoned.
The adder poisons you! The frilled lizard bites you.
You take 6 damage, and have 9/29 hp.
MASSIVE DAMAGE!!
You are too injured to fight recklessly!
You closely miss the adder.
The adder is heavily wounded.
* * * LOW HITPOINT WARNING * * *
You feel sick. The adder bites you.
* * * LOW HITPOINT WARNING * * *
The frilled lizard barely misses you. The adder closely misses you.
You take 6 damage, and have 3/29 hp.
MASSIVE DAMAGE!!
It was a potion of berserk rage.
A red film seems to cover your vision as you go berserk!
You feel yourself moving faster!
You feel mighty!
* * * LOW HITPOINT WARNING * * *
You feel sick. The adder bites you.
* * * LOW HITPOINT WARNING * * *
You are more poisoned.
The adder poisons you!
The frilled lizard bites you but does no damage.
You now have 1/43 hp.
You barely miss the adder.
The adder is heavily wounded.
You die...

#....# ####..........#.......
####....####........####.#.#.....
........'.....#..........#.######
####....####..#.######.#.#.......
#....##....#........#.#######.
#########.##.#...#............#.
#....# #.##.#...#..#...#####.#.
#.##.# #.##.#..S#..#.........#.
#.##.####.##.#.@l#..#.#########.
#.##......##.#...#..............
#.##########.#...####.##########
#.# #.#......^.# #.#
#.#..######### #.# #............#
#.# #########.###.#
#.#########.........# #.########
#...........#######.# #.........


You could see an adder and a frilled lizard.

Vanquished Creatures
  An adder (D:2)
  A worm (D:2)
  A dart slug (D:1)
  7 ball pythons
  2 bats
  2 endoplasms (D:2)
  2 goblins (D:1)
  3 hobgoblins
  A quokka (D:1)
  4 frilled lizards
  5 kobolds
  7 rats
36 creatures vanquished.

Notes
Turn   | Place    | Note
-------+----------+-------------------------------------------
     0 | D:1      | gimp the Demonspawn Cinder Acolyte began the quest for the
                  | Orb.
     0 | D:1      | Reached XP level 1. HP: 18/18 MP: 2/2
   506 | D:1      | Gained mutation: You have large cloven feet. [demonic
                  | ancestry]
   506 | D:1      | Reached XP level 2. HP: 10/24 MP: 3/3
  1971 | D:2      | Found a faded altar of an unknown god.
  1977 | D:2      | Reached XP level 3. HP: 14/29 MP: 4/4
  2433 | D:2      | Learned a level 2 spell: Scorch
  3278 | D:3      | Noticed Grinder
  3471 | D:3      | Noticed Pargi
  3484 | D:2      | HP: 1/43 [adder (2)]
  3485 | D:2      | Succumbed to an adder's poison

Illustrated notes

Levels and vault maps discovered:
D:1:      giann_horns, layout_basic
D:2:      layout_basic, basic_ecumenical_altar
D:3:      layout_basic, uniq_pargi, uniq_natasha, uniq_grinder, uniq_robin

Skill      XL: |  1 |
---------------+----+-----
Long Blades    | 3 |  3.6
Fighting       | |  3.5
Shields        | |  0.8
Spellcasting   | |  1.0
Fire Magic     | |  2.6

Action                   || total
-------------------------++-------
Melee: Falchion          ||   130
       Kick              ||    14
Invok: Rising Flame      ||     1
  Use: Potion            ||     1
Armor: Robe              ||    15
       Leather armour    ||    14
Dodge: Dodged            ||    83
Block: Buckler           ||     6

Table legend: (Time is in decaauts)
 A = Elapsed time spent in this place.
 B = Non-inter-level travel time spent in this place.
 C = Inter-level travel time spent in this place.
 D = Time resting spent in this place.
 E = Time spent auto-exploring this place.
 F = Levels seen in this place.
 G = Mean time per level.
                   A        B        C        D        E       F      G
               +--------+--------+--------+--------+--------+-----+--------+
         Total |   3509 |   3440 |     69 |    179 |   2891 |   3 | 1169.7 |
       Dungeon |   3509 |   3440 |     69 |    179 |   2891 |   3 | 1169.7 |
               +--------+--------+--------+--------+--------+-----+--------+

Top non-repeatable levels by time:
     D:1: 1903 daAuts
     D:2: 1555 daAuts
     D:3: 50 daAuts
